 Dungeon Crawl Stone Soup version 0.20.1-1-g8b1a95d (webtiles) character file.

250802 bufferunderpants the Devout (level 18, -5/160 HPs)
             Began as a Minotaur Fighter on Aug 26, 2017.
             Was a Priest of Zin.
             Slain by a white ugly thing (34 damage)
             ... on level 13 of the Dungeon on Aug 27, 2017.
             The game lasted 04:55:20 (49777 turns).

bufferunderpants the Devout (Minotaur Fighter)     Turns: 49777, Time: 04:55:21

Health: -5/160     AC: 29    Str: 22    XL:     18   Next: 92%
Magic:  28/29      EV:  9    Int: 11    God:    Zin [***...]
Gold:   973        SH: 15    Dex: 14    Spells: 20/21 levels left

rFire    . . .     SeeInvis .   g - +8 mithril axe "Arga" {speed, MR+}
rCold    . . .     Gourm    .   y - +1 shield
rNeg     . . .     Faith    .   i - +2 plate armour {rPois}
rPois    +         Spirit   .   Z - +2 hat {Int+3}
rElec    .         Reflect  .   h - +1 cloak
rCorr    .         Harm     .   (no gloves)
MR       ++...                  c - +2 pair of boots
Stlth    ..........             p - amulet of regeneration
Regen    0.8/turn               B - +2 ring of evasion
MPRegen  0.3/turn               e - +3 ring of protection

@: reciting
A: retaliatory headbutt, horns 2
}: 2/15 runes: serpentine, barnacled
a: Recite, Vitalisation, Imprison, Donate Gold, Renounce Religion


You were on level 13 of the Dungeon.
You worshipped Zin.
Zin was most pleased with you.
You were not hungry.

You visited 8 branches of the dungeon, and saw 34 of its levels.
You visited the Abyss 1 time.
You also visited: Sewer.

You collected 2880 gold pieces.
You spent 1627 gold pieces at shops.
You donated 280 gold pieces to Zin.

Inventory:

Hand Weapons
 a - a +3 long sword of freezing
 d - a +3 scimitar of flaming
 g - the +8 mithril axe "Arga" (weapon) {speed, MR+}
   (You bought it in a shop on level 1 of the Orcish Mines)

   Attacks with this weapon are significantly faster.
   It affects your resistance to hostile enchantments.
 F - a +0 blowgun
Missiles
 l - 75 tomahawks (quivered)
 o - 5 tomahawks of dispersal
 E - 11 javelins of penetration
 P - 7 needles of sleeping
 X - 7 curare-tipped needles
Armour
 c - a +2 pair of boots (worn)
 h - a +1 cloak (worn)
 i - a +2 plate armour of poison resistance (worn)
 k - +1 fire dragon scales
 y - a +1 shield (worn)
 Q - the +0 plate armour of the Shoals {rC+}
   (You found it on level 11 of the Dungeon)

   It protects you from cold.
 Z - a +2 hat of intelligence (worn)
Jewellery
 e - a +3 ring of protection (right hand)
 f - the ring "Zunim" {*Slow rPois MR+ Stlth-}
   (You found it on level 4 of the Shoals)

   [ring of loudness]

   It protects you from poison.
   It affects your resistance to hostile enchantments.
   It may slow you when you take damage.
   It makes you less stealthy.
 p - an amulet of regeneration (around neck)
 r - an uncursed ring of see invisible
 t - a cursed ring of teleportation
 B - a +2 ring of evasion (left hand)
Wands
 m - a wand of confusion (22/48)
 x - a wand of disintegration (8/24)
 A - a wand of iceblast (0/15)
 C - a wand of acid (4/15)
 J - a wand of lightning (7/15)
 R - a wand of digging (10/24)
Scrolls
 q - 6 scrolls of teleportation
 w - 4 scrolls of identify
 G - a scroll of fear
 H - 12 scrolls of remove curse
 K - 2 scrolls of amnesia
 L - 4 scrolls of magic mapping
 M - a scroll of blinking
 V - a scroll of enchant weapon
Potions
 b - a potion of ambrosia
 s - 2 potions of might
 u - 6 potions of agility
 v - 4 potions of flight
 D - a potion of resistance
 I - 4 potions of curing
 N - 3 potions of haste
 O - a potion of invisibility
 W - 3 potions of heal wounds
Books
 z - a book of Debilitation

   Spells                             Type                      Level
   a - Corona                         Hexes                        1
   b - Slow                           Hexes                        2
   c - Inner Flame                    Hexes/Fire                   3
   d - Portal Projectile              Hexes/Translocation          3
   e - Cause Fear                     Hexes                        4
   f - Leda's Liquefaction            Hexes/Earth                  4
Miscellaneous
 Y - a fan of gales
Comestibles
 j - 5 meat rations
 S - 5 bread rations
 T - 4 royal jellies


   Skills:
 + Level 14.2 Fighting
 - Level 13.4 Long Blades
 - Level 14.2(15.9) Axes
   Level 12.5(15.0) Maces & Flails
 - Level 11.5 Throwing
 - Level 13.7 Armour
 - Level 14.0 Shields
 - Level 2.3 Spellcasting
 + Level 1.3 Translocations
 - Level 16.0 Invocations
 - Level 7.0 Evocations


You had 20 spell levels left.
You knew the following spells:

 Your Spells              Type           Power        Failure   Level  Hunger
a - Apportation           Tloc           #.....       89%         1    ##.....


Dungeon Overview and Level Annotations

Branches:
Dungeon (15/15)            Temple (1/1) D:6            Lair (6/6) D:8
 Shoals (4/4) Lair:4        Snake (4/4) Lair:2        Slime (0/5) Lair:6
    Orc (2/2) D:10            Elf (1/3) Orc:2        Vaults (1/5) D:13
 Depths (0/5) D:15

Altars:
Ashenzari
Cheibriados
Dithmenos
Elyvilon
Fedhas
Gozag
Hepliaklqana
Kikubaaqudgha
Makhleb
Nemelex Xobeh
Okawaru
Qazlal
Ru
Sif Muna
Trog
Uskayaw
Vehumet
Xom
Yredelemnul
Zin
The Shining One
Beogh
Lugonu

Shops:
D:8 ***   D:11 =   D:14 *   Orc:1 *   Orc:2 %(([   Snake:1 =}=   Snake:4 ?

Annotations:
Lair:1 exclusion: 4 oklob plants


Innate Abilities, Weirdness & Mutations

You reflexively headbutt those who attack you in melee.
You have a pair of horns on your head.


Message History

There is a gate to the Vaults here.
Okay, then.
Okay, then.
Unknown command.
You hear a choir sing!
By Zin's power, all blood is cleared from the sanctuary.
The monsters scatter in all directions!
You can no longer call upon Zin to create a sanctuary.
The cyan ugly thing basks in the mutagenic energy from its kin and changes!
You are ready to recite again.
You clear your throat and prepare to recite. "To the devout, Zin provideth.
From the rest..."
You hear a horrible gurgling sound! "...ye fetid masses, ye guilty..."
You hit the white ugly thing. You headbutt the white ugly thing.
The white ugly thing is lightly wounded.
The white ugly thing stings you!
* * * LOW HITPOINT WARNING * * *
The white ugly thing freezes you!!
You die...

).............#.........
........................
###....#(##...#.#.......
#....#.######.##..O..# #....#.#
#.# #...## #....#(# #.# ####
#....#.# #.# ####### #....<.#
###.### #((.... ##...### #...@.#
#.##... #####.####
#....u#########.##..(
.........####........u.........#.
######.....##.....#########.#....
## #.###.##.....# #....#.
.#####.# #..(.####### ###....
.......###.##.......# #..#.
.####......##.#####.# #.... ##
#.#######.#####.# #....


You could see a white ugly thing.

Vanquished Creatures
  Gastronok (D:8)
  Kirke (D:14)
  5 nagarajas
  Ilsuiw (Shoals:3)
  A vault warden (Vaults:1)
  An orc warlord (Orc:1)
  The ghost of Sadamus the Fencer, a journeyman BaSk of Okawaru (Snake:3)
  Louise (D:15)
  An ironheart preserver (Vaults:1)
  7 merfolk javelineers
  A fire dragon (Lair:6)
  The ghost of bufferunderpants the Carver, a journeyman MiFi (Lair:1)
  Harold (Orc:1)
  12 merfolk impalers
  A yaktaur captain (D:13)
  Erolcha (Orc:1)
  19 naga warriors
  11 hydras
  10 anacondas
  4 merfolk aquamancers
  A merfolk avatar (Shoals:4)
  2 alligator snapping turtles (Shoals:4)
  Erica (Lair:2)
  A centaur warrior (D:13)
  3 ogre magi
  17 two-headed ogres
  A dancing weapon (Elf:1)
  2 satyrs
  An orc high priest (Orc:2)
  3 tengu warriors
  13 shock serpents
  14 naga sharpshooters
  A thrashing horror (Abyss:3)
  Urug (D:14)
  Sonja (D:13)
  A fire crab (Lair:4)
  3 deep elf knights
  9 sea snakes
  8 naga ritualists
  2 wizards (D:15)
  A kraken simulacrum (Shoals:4)
  A lindwurm (Lair:6)
  A wolf spider zombie (D:14)
  5 orc knights
  9 deep elf magi
  12 ugly things
  11 fauns
  8 manticores
  23 harpies
  4 orc sorcerers
  13 mana vipers
  7 salamanders
  11 cyclopes
  5 elephants
  27 naga magi
  A guardian serpent (Snake:2)
  A vault sentinel (Vaults:1)
  48 black mambas
  8 merfolk sirens
  8 water nymphs
  2 centaur skeletons
  2 gargoyles
  13 spiny frogs
  A torpor snail (Lair:4)
  2 molten gargoyles (Lair:6)
  17 komodo dragons
  3 yaktaurs
  8 kobold demonologists
  7 rime drakes
  2 ice devils (Lair:3)
  A tengu conjurer (D:14)
  39 merfolk
  A queen bee (shapeshifter) (D:12)
  A meliai (D:15)
  6 trolls
  13 wind drakes
  Prince Ribbit (D:8)
  A polar bear (Lair:4)
  A wolf spider simulacrum (D:15)
  A hornet (D:8)
  13 snapping turtles
  11 blink frogs
  6 hippogriffs
  8 slime creatures
  6 dream sheep
  A fire giant simulacrum (Vaults:1)
  A shadow (D:11)
  8 wyverns
  A flying skull (Abyss:3)
  3 hogs (D:14)
  6 water elementals
  3 wraiths
  38 yaks
  4 basilisks
  A fire elemental (Elf:1)
  A chaos spawn (Abyss:3)
  4 steam dragons
  6 vampire mosquitoes
  3 hungry ghosts
  Menkaure (D:6)
  A soldier ant (D:11)
  18 wargs
  4 hell hounds (Lair:6)
  2 acid dragons
  39 nagas
  13 water moccasins
  Duvessa (D:5)
  13 porcupines
  2 hornet zombies
  An ice beast (D:7)
  36 orc warriors
  5 sky beasts
  9 ogres
  3 black bears
  16 centaurs
  3 phantoms
  2 necrophages
  6 wolves (Lair:4)
  13 crocodiles
  Blork the orc (D:6)
  8 big kobolds
  17 bullfrogs
  Dowan (D:5)
  A wyvern skeleton (D:11)
  3 scorpions
  A water moccasin skeleton (D:6)
  5 wights (D:9)
  14 howler monkeys
  6 crimson imps
  5 lava snakes (Lair:6)
  3 bullfrog zombies
  3 quasits
  5 centaur zombies
  5 hounds
  2 jellies
  36 orc wizards
  17 orc priests
  Ijyb (D:3)
  4 iguanas
  8 worker ants
  11 adders
  3 oozes (Sewer)
  3 adder skeletons
  5 worms
  A dart slug (D:1)
  6 leopard geckos
  122 orcs
  10 giant cockroaches
  7 goblins
  4 hobgoblins
  11 jackals
  2 quokkas
  6 ball pythons
  17 bats
  3 frilled lizards
  22 kobolds
  7 rats
  A fungus (Lair:3)
  13 plants
1204 creatures vanquished.

Vanquished Creatures (others)
  A naga warrior (Snake:4)
  A black mamba (Snake:3)
  A human (D:14)
  A wyvern skeleton (D:14)
  3 bushes
  6 demonic plants (D:10)
  13 fungi
  2 pillars of salt (D:14)
  17 plants
  6 starspawn tentacles (Abyss:3)
  8 tentacles (Shoals:4)
59 creatures vanquished.

Grand Total: 1263 creatures vanquished

Notes
Turn   | Place    | Note
-------+----------+-------------------------------------------
     0 | D:1      | bufferunderpants the Minotaur Fighter began the quest for the Orb.
     0 | D:1      | Reached XP level 1. HP: 19/19 MP: 0/0
    98 | D:1      | Reached XP level 2. HP: 27/27 MP: 1/1
   452 | D:1      | Reached XP level 3. HP: 34/34 MP: 2/2
   750 | D:2      | Found a sparkling altar of Nemelex Xobeh.
  1083 | D:2      | Found a faded altar of an unknown god.
  1109 | D:2      | Found a white marble altar of Elyvilon.
  1212 | D:2      | Reached skill level 5 in Fighting
  1248 | D:2      | Reached XP level 4. HP: 42/42 MP: 3/3
  1609 | D:3      | Noticed Ijyb
  1624 | D:3      | Killed Ijyb
  1625 | D:3      | Reached XP level 5. HP: 48/48 MP: 4/4
  1726 | D:3      | Found a glowing drain.
  1752 | Sewer    | Entered a sewer
  2171 | Sewer    | Reached skill level 1 in Maces & Flails
  2794 | D:4      | Found a radiant altar of Vehumet.
  2853 | D:4      | Reached skill level 5 in Long Blades
  2909 | D:4      | Reached XP level 6. HP: 55/57 MP: 5/5
  3182 | D:4      | Found a snail-covered altar of Cheibriados.
  3463 | D:4      | Reached XP level 7. HP: 56/66 MP: 6/6
  3538 | D:4      | You fall through a shaft!
  3538 | D:5      | Entered Level 5 of the Dungeon
  3839 | D:5      | Found a glowing golden altar of the Shining One.
  4360 | D:6      | Noticed Duvessa
  4361 | D:6      | Noticed Dowan
  4584 | D:5      | Killed Duvessa
  4584 | D:5      | Reached XP level 8. HP: 43/77 MP: 7/7
  4592 | D:5      | Killed Dowan
  4813 | D:6      | Noticed Menkaure
  5030 | D:6      | Killed Menkaure
  5199 | D:6      | Noticed Blork the orc
  5212 | D:6      | Killed Blork the orc
  5413 | D:6      | Reached skill level 10 in Fighting
  5494 | D:6      | Found a staircase to the Ecumenical Temple.
  5500 | Temple   | Entered the Ecumenical Temple
  5549 | Temple   | Became a worshipper of Zin the Law-Giver
  5549 | Temple   | Reached * piety under Zin
  5665 | D:7      | Reached ** piety under Zin
  6084 | D:7      | Reached skill level 10 in Long Blades
  6084 | D:7      | Reached XP level 9. HP: 86/86 MP: 8/8
  6122 | D:7      | Paralysed by a hornet for 3 turns
  6577 | D:7      | Reached skill level 1 in Invocations
  6600 | D:7      | Found a bloodstained altar of Trog.
  6660 | D:8      | Reached skill level 2 in Invocations
  6680 | D:8      | Found Jopaple's Assorted Antiques.
  6735 | D:8      | Found an opulent altar of Gozag.
  6806 | D:8      | Reached skill level 3 in Invocations
  6842 | D:8      | Found a stormy altar of Qazlal.
  6972 | D:8      | Reached skill level 4 in Invocations
  7248 | D:8      | Found Otallor's General Store.
  7256 | D:8      | Bought a potion of curing for 36 gold pieces
  7347 | D:8      | Found Ysholays's General Store.
  7354 | D:8      | Bought 2 scrolls of identify for 40 gold pieces
  7396 | D:8      | Noticed Prince Ribbit
  7403 | D:8      | Killed Prince Ribbit
  7403 | D:8      | Reached skill level 5 in Invocations
  7445 | D:8      | Noticed Gastronok
  7799 | D:8      | Found a staircase to the Lair.
  8104 | Lair:1   | Entered Level 1 of the Lair of Beasts
  8120 | Lair:1   | Reached XP level 10. HP: 74/94 MP: 13/13
  8146 | Lair:1   | Reached skill level 6 in Invocations
  8164 | Lair:1   | Noticed bufferunderpants's ghost (journeyman MiFi)
  8641 | D:9      | Got a transparent robe
  8642 | D:9      | Identified the cursed +1 robe of New Discoveries {rF+} (You found it on level 9 of the Dungeon)
  9597 | D:9      | Reached *** piety under Zin
  9627 | D:9      | Noticed a two-headed ogre
  9639 | D:9      | Killed a two-headed ogre
  9639 | D:9      | Reached skill level 7 in Invocations
  9796 | D:10     | Entered Level 10 of the Dungeon
  9881 | D:10     | Found a staircase to the Orcish Mines.
  9894 | D:10     | Got a fine hand axe
  9896 | D:10     | Identified the cursed +3 hand axe of Makhleb's Wrath {chop, rN+ Int+7 Dex-3} (You found it on level 10 of the Dungeon)
  9924 | D:10     | Noticed a smoke demon
  9926 | D:10     | Noticed a rust devil
  9945 | D:10     | Found a corrupted altar of Lugonu.
  9968 | D:10     | Noticed an orange demon
  9974 | D:10     | Noticed an orange demon
  9976 | D:10     | Noticed a sixfirhy
  9983 | D:10     | Reached skill level 8 in Invocations
 10697 | D:10     | Noticed an eight-headed hydra
 10715 | D:10     | Killed an eight-headed hydra
 10715 | D:10     | Reached skill level 5 in Shields
 10806 | D:10     | Reached XP level 11. HP: 70/101 MP: 13/16
 10885 | D:10     | Noticed a two-headed hydra
 10904 | D:10     | Killed a two-headed hydra
 11405 | D:10     | Reached skill level 5 in Maces & Flails
 11406 | D:10     | Noticed a two-headed ogre
 11752 | D:8      | Killed Gastronok
 12589 | Lair:2   | Reached skill level 1 in Throwing
 12608 | Lair:2   | Noticed Erica
 12633 | Lair:2   | Killed Erica
 12809 | Lair:2   | Found a staircase to the Snake Pit.
 13583 | Lair:2   | Reached skill level 5 in Throwing
 13650 | Lair:2   | Noticed a five-headed hydra
 13660 | Lair:2   | Killed a five-headed hydra
 13660 | Lair:2   | Reached XP level 12. HP: 42/107 MP: 17/17
 14142 | Lair:2   | Noticed a five-headed hydra
 14160 | Lair:2   | Killed a five-headed hydra
 14997 | Lair:3   | Reached **** piety under Zin
 15402 | Lair:2   | Reached skill level 5 in Armour
 15524 | Lair:3   | Reached skill level 10 in Maces & Flails
 16567 | Lair:4   | Found a staircase to the Shoals.
 16729 | Lair:4   | Identified a scroll of acquirement
 18580 | Lair:5   | Noticed a five-headed hydra
 18733 | Lair:5   | Killed a five-headed hydra
 19155 | Lair:5   | Reached XP level 13. HP: 114/114 MP: 18/18
 19767 | Lair:6   | Entered Level 6 of the Lair of Beasts
 20091 | Lair:6   | HP: 2/114 [rime drake/flash freeze (22)]
 20476 | Lair:5   | Reached skill level 10 in Armour
 20476 | Lair:5   | Reached skill level 1 in Evocations
 21176 | Lair:6   | Found a staircase to the Slime Pits.
 22995 | Lair:6   | Reached skill level 5 in Evocations
 23432 | Lair:6   | Noticed a fire dragon
 23441 | Lair:6   | Found a large runed door.
 23441 | Lair:6   | Found a large runed door.
 23610 | Lair:6   | Killed a fire dragon
 24169 | Lair:1   | Killed bufferunderpants's ghost
 25899 | D:10     | Reached XP level 14. HP: 83/122 MP: 19/19
 26029 | Orc:1    | Entered Level 1 of the Orcish Mines
 26077 | Orc:1    | Noticed Harold
 27305 | Orc:1    | Killed Harold
 27636 | Orc:1    | Found Jeoppo's General Store.
 27648 | Orc:1    | Bought the +8 mithril axe "Arga" {speed, MR+} for 710 gold pieces
 27674 | Orc:1    | Noticed Erolcha
 27688 | Orc:1    | Killed Erolcha
 27772 | Orc:1    | Reached ***** piety under Zin
 27920 | Orc:2    | Entered Level 2 of the Orcish Mines
 27920 | Orc:2    | Found a staircase to the Elven Halls.
 28139 | Orc:2    | Found Joucoucs's Food Shoppe.
 28390 | Orc:2    | Found a roughly hewn altar of Beogh.
 28391 | Orc:2    | Found Kevia's Weapon Emporium.
 28396 | Orc:2    | Reached skill level 1 in Axes
 28707 | Orc:2    | Found Qodgh's Antique Armour Boutique.
 28708 | Orc:2    | Found a roughly hewn altar of Beogh.
 28713 | Orc:2    | Found Xoinuvo's Antique Weapon Shop.
 28745 | Orc:2    | Noticed an orc warlord
 28757 | Orc:1    | Reached skill level 9 in Invocations
 29041 | Orc:1    | Killed an orc warlord
 29210 | Orc:2    | Found a roughly hewn altar of Beogh.
 29329 | Orc:2    | Found a roughly hewn altar of Beogh.
 29355 | Orc:2    | Found a roughly hewn altar of Beogh.
 29376 | Orc:2    | Found a roughly hewn altar of Beogh.
 29456 | Orc:2    | Found a roughly hewn altar of Beogh.
 29474 | Orc:2    | Found Onik Laa's Armour Shoppe.
 29554 | Elf:1    | Entered Level 1 of the Elven Halls
 30622 | Orc:2    | Reached skill level 10 in Invocations
 31309 | D:11     | Found Zalucrio's Jewellery Emporium.
 31350 | D:11     | Got an ancient plate armour
 31351 | D:11     | Identified the cursed +0 plate armour of the Shoals {rC+} (You found it on level 11 of the Dungeon)
 31377 | D:11     | Reached ****** piety under Zin
 32242 | D:12     | Found a burning altar of Makhleb.
 32251 | D:12     | Identified Poqufeva's Handbook of the Dislocated Birds
 32635 | D:13     | Noticed Sonja
 32648 | D:13     | Killed Sonja
 32648 | D:13     | Reached skill level 11 in Invocations
 32782 | D:13     | Reached XP level 15. HP: 105/130 MP: 22/22
 32884 | D:13     | Found a gate to the Vaults.
 33170 | D:13     | Reached skill level 10 in Shields
 33217 | D:13     | You fall through a shaft for 2 floors!
 33217 | D:15     | Entered Level 15 of the Dungeon
 33271 | D:15     | Noticed Louise
 33294 | D:15     | Cast into level 3 of the Abyss (Louise)
 33296 | Abyss:3  | Found a blossoming altar of Fedhas.
 33372 | Abyss:3  | Noticed a juggernaut
 33400 | Abyss:3  | HP: 6/132 [long sword of holy wrath (6)]
 33485 | Abyss:3  | Noticed a tentacled starspawn
 33524 | D:15     | Escaped the Abyss
 34307 | D:14     | Noticed Urug
 34328 | D:14     | Killed Urug
 34882 | D:14     | Noticed Kirke
 34903 | D:14     | Killed Kirke
 35373 | D:14     | Found Fioch's Assorted Antiques.
 35381 | D:14     | Bought a potion of heal wounds for 205 gold pieces
 35499 | D:15     | Killed Louise
 35724 | D:15     | Learned a level 1 spell: Apportation
 35773 | D:15     | Reached skill level 12 in Invocations
 36295 | D:15     | Found a staircase to the Depths.
 36583 | D:15     | Reached XP level 16. HP: 98/143 MP: 24/24
 37009 | Snake:1  | Entered Level 1 of the Snake Pit
 37096 | Snake:1  | Reached skill level 5 in Axes
 37112 | Snake:1  | Found Yciweisuo's Jewellery Shoppe.
 37112 | Snake:1  | Found Ovat's Gadget Boutique.
 37113 | Snake:1  | Found Wiphoxt's Jewellery Shoppe.
 37119 | Snake:1  | Bought an uncursed amulet of regeneration for 390 gold pieces
 37119 | Snake:1  | Bought an uncursed ring of see invisible for 195 gold pieces
 39587 | Snake:2  | Found a runed door.
 39598 | Snake:2  | Reached skill level 10 in Axes
 42231 | Snake:3  | Reached XP level 17. HP: 94/149 MP: 25/25
 42688 | Snake:3  | Noticed Sadamus's ghost (journeyman BaSk)
 42787 | Snake:3  | Killed Sadamus's ghost
 43058 | Snake:3  | Found a glowing golden altar of the Shining One.
 43300 | Snake:4  | Entered Level 4 of the Snake Pit
 43367 | Snake:4  | Found Womurgh's Magic Scroll Shop.
 43375 | Snake:4  | Bought a scroll of teleportation for 51 gold pieces
 43677 | Snake:4  | Got a translucent halberd
 43678 | Snake:4  | Identified the +6 halberd "Kaucunor" {chop, rN+ Int+3 Stlth-} (You found it on level 4 of the Snake Pit)
 43946 | Snake:4  | Reached skill level 13 in Invocations
 43987 | Snake:4  | Got a serpentine rune of Zot
 44381 | Shoals:1 | Entered Level 1 of the Shoals
 44643 | Shoals:1 | Reached skill level 10 in Throwing
 45013 | Shoals:1 | Reached skill level 14 in Invocations
 45223 | Shoals:2 | Got a dazzling quarterstaff
 45224 | Shoals:2 | Identified the +8 quarterstaff of the Shoals {freeze, *Contam rElec rF++ rC+} (You found it on level 2 of the Shoals)
 45234 | Shoals:2 | Reached XP level 18. HP: 139/157 MP: 27/27
 45723 | Shoals:3 | Noticed Ilsuiw
 45974 | Shoals:3 | Killed Ilsuiw
 46662 | Shoals:3 | Reached skill level 15 in Invocations
 46729 | Shoals:4 | Entered Level 4 of the Shoals
 48464 | Shoals:4 | Reached skill level 16 in Invocations
 48623 | Shoals:4 | Reached skill level 1 in Spellcasting
 48711 | Shoals:4 | Got a warped lead ring
 48714 | Shoals:4 | Identified the ring "Zunim" {*Slow rPois MR+ Stlth-} (You found it on level 4 of the Shoals)
 49121 | Shoals:4 | Identified the Tome of the Earthen Escort
 49183 | Shoals:4 | Got a barnacled rune of Zot
 49599 | Vaults:1 | Entered Level 1 of the Vaults
 49717 | Vaults:1 | Reached skill level 1 in Translocations
 49777 | D:13     | Slain by a white ugly thing

Skill      XL: |  1  2  3  4  5  6  7  8  9 10 11 12 13 14 15 16 17 18 |
---------------+-------------------------------------------------------+-----
Fighting       | 4 5 6 7 8 10 11 13 14 | 14.2
Long Blades    | 3 4 5 6 8 10 11 13 | 13.4
Maces & Flails | 1 3 8 12 | 12.5
Invocations    | 5 8 11 12 14 16 | 16.0
Shields        | 5 8 9 13 14 | 14.0
Throwing       | 5 6 10 11 | 11.5
Armour         | 9 12 13 | 13.7
Evocations     | 6 7 |  7.0
Axes           | 3 13 14 | 14.2
Spellcasting   | 2 |  2.3
Translocations | 1 |  1.3

Action                   |  1- 3 |  4- 6 |  7- 9 | 10-12 | 13-15 | 16-18 || total
-------------------------+-------+-------+-------+-------+-------+-------++-------
Melee: Long sword        |    87 |   177 |   264 |   155 |   453 |       ||  1136
       Headbutt          |    11 |    29 |    58 |   167 |   414 |   462 ||  1141
       Flail             |       |       |     3 |   504 |    49 |       ||   556
       Scimitar          |       |       |       |    16 |   115 |    16 ||   147
       Broad axe         |       |       |       |       |   999 |  1791 ||  2790
 Fire: Blowgun           |       |       |       |       |     5 |       ||     5
Throw: Tomahawk          |       |       |     1 |    69 |    66 |    86 ||   222
Invok: Recite            |       |       |     5 |    10 |    60 |    62 ||   137
       Vitalisation      |       |       |     2 |     5 |    14 |    20 ||    41
       Imprison          |       |       |       |       |     1 |       ||     1
       Sanctuary         |       |       |       |       |       |     4 ||     4
Evoke: Wand              |       |     1 |     5 |     6 |    25 |    24 ||    61
       Fan of gales      |       |       |       |       |     1 |     2 ||     3
       Phantom mirror    |       |       |       |       |       |     1 ||     1
  Use: Scroll            |     1 |       |     3 |    13 |    32 |    14 ||    63
       Potion            |       |     2 |     3 |     9 |    18 |       ||    32
 Stab: Invisible         |       |       |     1 |     3 |    11 |       ||    15
       Confused          |       |       |       |     1 |    23 |    43 ||    67
       Paralysed         |       |       |       |       |    13 |     4 ||    17
       Distracted        |       |       |       |       |     1 |       ||     1
  Eat: Chunk             |     1 |     5 |       |    20 |    23 |     3 ||    52
       Fruit             |       |     2 |       |     9 |     9 |     2 ||    22
       Meat ration       |       |     1 |     1 |       |     1 |     6 ||     9
       Bread ration      |       |       |     2 |     1 |     6 |       ||     9
       Royal jelly       |       |       |       |       |       |     4 ||     4
Armor: Scale mail        |    37 |       |       |       |       |       ||    37
       Ring mail         |     4 |   106 |   122 |   228 |   208 |       ||   668
       Plate armour      |       |       |       |       |   352 |   753 ||  1105
       Skin              |       |       |       |       |       |     1 ||     1
Dodge: Dodged            |    27 |    68 |    88 |   230 |   350 |   423 ||  1186
Block: Shield            |    51 |   103 |   124 |   380 |   840 |  1092 ||  2590
       Rpst.: Long sword |     5 |    19 |    22 |    16 |    48 |       ||   110
       Scimitar          |       |       |       |       |     4 |     3 ||     7
